 Dungeon Crawl Stone Soup version 0.27.1 (webtiles) character file.

Game seed: 17507672706926119389

31279 calewdscratch the Unseen (level 13, 0/72 HPs)
             Began as a Kobold Enchanter on Aug 26, 2021.
             Was an Elder of Dithmenos.
             Slain by an eight-headed hydra (12 damage)
             ... on level 6 of the Lair of Beasts on Aug 27, 2021.
             The game lasted 05:21:32 (24578 turns).

calewdscratch the Unseen (Kobold Enchanter)        Turns: 24578, Time: 05:21:33

Health: 0/72       AC:  8    Str:  6    XL:     13   Next: 95%
Magic:  15/24      EV: 18    Int: 17    God:    Dithmenos [****..]
Gold:   509        SH:  0    Dex: 19    Spells: 3/26 levels left

rFire    . . .     SeeInvis .   K - +5 dagger (venom)
rCold    . . .     Faith    .   (shield restricted)
rNeg     . . .     Spirit   .   L - +2 troll leather armour
rPois    .         Reflect  .   J - +0 helmet
rElec    .         Harm     .   (no cloak)
rCorr    .         Rampage  .   q - +0 pair of gloves
Will     .....                  (no boots)
Stlth    ++++++++++             (no amulet)
HPRegen  1.22/turn              B - +4 ring of slaying
MPRegen  0.19/turn              (no ring)

@: hasted, wreathed by umbra, very quick
A: small, no large weapons, nightstalker 3
a: Renounce Religion, Shadow Step


You were on level 6 of the Lair of Beasts.
You worshipped Dithmenos.
Dithmenos was greatly pleased with you.
You visited 3 branches of the dungeon, and saw 17 of its levels.

You collected 774 gold pieces.
You spent 265 gold pieces at shops.

Inventory:

Hand Weapons
 a - a +5 dagger
 E - a +2 short sword of freezing
 K - a +5 dagger of venom (weapon)
 W - a +0 dagger of protection
Missiles
 c - 355 stones
 w - 3 throwing nets
 z - 86 poisoned darts
 T - 5 datura-tipped darts
 V - 5 curare-tipped darts
Armour
 q - a +0 pair of gloves (worn)
 A - a +1 robe of fire resistance
 F - a +2 robe of willpower
 J - a +0 helmet (worn)
 L - a +2 troll leather armour (worn)
Jewellery
 v - an amulet of guardian spirit
 B - a +4 ring of slaying (left hand)
Wands
 b - a wand of flame (8)
 i - a wand of acid (8)
 H - a wand of polymorph (5)
 Q - a wand of paralysis (11)
Scrolls
 f - a scroll of enchant weapon
 g - a scroll of silence {unknown}
 h - 10 scrolls of teleportation
 m - a scroll of immolation
 o - 2 scrolls of amnesia {unknown}
 p - 4 scrolls of identify
 s - 2 scrolls of magic mapping
 t - 4 scrolls of blinking
 y - 5 scrolls of fog
 C - 5 scrolls of fear
 D - a scroll of noise {unknown}
 O - a scroll of acquirement {unknown}
 P - 2 scrolls of vulnerability {unknown}
 S - a scroll of enchant armour
Potions
 d - 7 potions of curing
 e - 5 potions of heal wounds
 j - 2 potions of flight
 k - a potion of haste
 l - a potion of ambrosia
 n - 3 potions of might
 r - a potion of mutation
 u - 2 potions of resistance
 x - a potion of magic {unknown}
 I - 2 potions of attraction
 N - a potion of brilliance
 R - 2 potions of degeneration {unknown}
 U - a potion of lignification {unknown}
Miscellaneous
 G - a tin of tremorstones (2/2)
 M - a condenser vane


   Skills:
 - Level 5.3 Fighting
 - Level 10.6 Short Blades
 - Level 3.1 Armour
 - Level 7.0 Dodging
 - Level 15.1 Stealth
 + Level 7.3 Spellcasting
 + Level 6.3 Conjurations
 * Level 10.3 Hexes
 + Level 5.5 Fire Magic
 - Level 4.0 Ice Magic
 + Level 5.9 Earth Magic


You had 3 spell levels left.
You knew the following spells:

 Your Spells              Type           Power      Damage    Failure   Level
a - Corona                Hex            45%        N/A       1%          1
b - Ensorcelled Hibernat  Hex/Ice        60%        N/A       1%          2
c - Confusing Touch       Hex            41%        N/A       1%          3
d - Tukima's Dance        Hex            41%        N/A       1%          3
e - Stone Arrow           Conj/Erth      54%        3d10      4%          3
f - Leda's Liquefaction   Hex/Erth       17%        N/A       6%          4
g - Dazzling Flash        Conj/Hex       68%        N/A       1%          3
h - Fulminant Prism       Conj/Hex       17%        3d11      5%          4

Your spell library contained the following spells:

 Spells                   Type           Power      Damage    Failure   Level
 Animate Skeleton         Necr           12%        N/A       17%         1
 Apportation              Tloc           12%        N/A       17%         1
 Summon Small Mammal      Summ           24%        N/A       17%         1
 Bolt of Magma            Conj/Fire/Erth 13%        4d8       38%         5
 Lee's Rapid Deconstruct  Erth           13%        3d10*     38%         5
 Iskenderun's Mystic Bla  Conj/Tloc      16%        2d5       43%         4
 Animate Armour           Summ/Erth      32%        N/A       45%         4
 Statue Form              Tmut/Erth      10%        N/A       100%        6
 Lehudib's Crystal Spear  Conj/Erth      13%        10d5      100%        8


Dungeon Overview and Level Annotations

Branches:
Dungeon (10/15)            Temple (1/1) D:5            Lair (6/6) D:10
  Swamp (0/4) Lair:4       Spider (0/4) Lair:4
  Slime: Lair:5-6       Orc: D:9-12

Altars:
Ashenzari
Cheibriados
Dithmenos
Elyvilon
Fedhas
Gozag
Hepliaklqana
Kikubaaqudgha
Makhleb
Nemelex Xobeh
Okawaru
Qazlal
Ru
Sif Muna
Trog
Uskayaw
Vehumet
Wu Jian
Xom
Yredelemnul
Zin
The Shining One
Beogh

Shops:
D:5 *   D:6 *[

Annotations:
D:8 3 runed translucent doors, huge hydra!
Lair:1 exclusion: 3 oklob plants
Lair:6 exclusion: 5 oklob plants


Innate Abilities, Weirdness & Mutations

You are small and have problems with some larger weapons.
You are completely attuned to the shadows.


Message History

Aiming: Ensorcelled Hibernation (safe; 1% risk of failure)
Press: ? - help, Shift-Dir - straight line, f/p - eight-headed hydra
Aim: an eight-headed hydra (umbra, chance to affect: 25%)
The eight-headed hydra resists with almost no effort.
Your shadow mimicks your spell!
The eight-headed hydra resists with almost no effort.
Casting: Ensorcelled Hibernation (safe; 1% risk of failure)
Confirm with . or Enter, or press ? or * to list all spells.
Aiming: Ensorcelled Hibernation (safe; 1% risk of failure)
Press: ? - help, Shift-Dir - straight line, f/p - eight-headed hydra
Aim: an eight-headed hydra (umbra, chance to affect: 25%)
The eight-headed hydra resists with almost no effort.
The eight-headed hydra barely misses you.
The eight-headed hydra bites you but does no damage.
The eight-headed hydra bites you.
The eight-headed hydra bites you but does no damage. x2
The eight-headed hydra barely misses you.
The eight-headed hydra bites you!
The eight-headed hydra bites you but does no damage.
Casting: Ensorcelled Hibernation (safe; 1% risk of failure)
Confirm with . or Enter, or press ? or * to list all spells.
Okay, then.
Casting: Ensorcelled Hibernation (safe; 1% risk of failure)
Confirm with . or Enter, or press ? or * to list all spells.
The eight-headed hydra bites you.
The eight-headed hydra completely misses you.
The eight-headed hydra bites you. The eight-headed hydra bites you!
The eight-headed hydra closely misses you.
The eight-headed hydra bites you! x2
The eight-headed hydra completely misses you.
You feel yourself speed up.
The eight-headed hydra barely misses you. x2
The eight-headed hydra misses you.
The eight-headed hydra closely misses you.
The eight-headed hydra bites you!
The eight-headed hydra barely misses you.
The eight-headed hydra bites you!
* * * LOW HITPOINT WARNING * * *
The eight-headed hydra bites you!
You die...

.........................
......#....##......##....
.......##########..########
.......## #### ##
........##################.
.........#...##...##..#...P
...........................
...........................
.........D@................
###.##...##.....^..........
## #...#.<...............
..##
.######...###.##.....##
...########.##P##..##
#####.....#
....##.#...#.......#
###....
...............[...# ##
##... ...................#
..# ##..
≈≈♣................#
PP.#####†


You could see an eight-headed hydra.

Vanquished Creatures
  Snorg (D:10)
  5 hydras
  2 two-headed ogres
  Urug (Lair:3)
  Sonja (Lair:5)
  Nergalle (Lair:3)
  Pikel (D:6)
  3 oklob plants (Lair:6)
  2 elephants (Lair:6)
  3 black mambas
  A torpor snail (Lair:4)
  13 cane toads
  A rime drake (Lair:6)
  3 komodo dragons
  A troll (D:10)
  19 blink frogs
  2 redbacks (Lair:4)
  A wraith (D:10)
  3 wyverns
  29 yaks
  4 basilisks
  Grum (D:9)
  Duvessa (D:7)
  10 water moccasins
  3 ice beasts
  9 orc warriors
  A sky beast (D:7)
  A black bear (Lair:2)
  A hornet zombie (D:6)
  9 wolves
  2 centaurs
  3 lemures (D:6)
  5 bullfrogs
  A scorpion (D:5)
  4 kobold brigands
  Dowan (D:7)
  4 water moccasin skeletons
  6 killer bees (D:10)
  5 wights
  3 howler monkeys
  3 centaur zombies
  2 hounds
  3 orc priests
  2 jellies
  A bullfrog skeleton (D:4)
  A centaur skeleton (D:6)
  3 gnoll shamans
  3 iguanas
  2 orc wizards
  4 hell rats (Lair:6)
  14 gnolls
  3 adders
  2 shadow imps
  A white imp (D:6)
  2 ufetubi (D:5)
  An adder skeleton (D:4)
  2 worms
  3 dart slugs
  33 orcs
  7 bats
  4 endoplasms
  5 giant cockroaches
  6 hobgoblins
  2 jackals (D:4)
  9 quokkas
  6 ball pythons
  A ball python skeleton (D:3)
  2 frilled lizards
  11 goblins
  19 kobolds
  A quokka skeleton (D:4)
  8 rats
333 creatures vanquished.

Vanquished Creatures (others)
  2 dancing weapons
  11 fulminant prisms (Lair:6)
  33 fungi
  59 plants
105 creatures vanquished.

Grand Total: 438 creatures vanquished

Notes
Turn   | Place    | Note
-------+----------+-------------------------------------------
     0 | D:1      | calewdscratch the Kobold Enchanter began the quest for the
                  | Orb.
     0 | D:1      | Reached XP level 1. HP: 10/10 MP: 3/3
   243 | D:1      | Reached XP level 2. HP: 15/15 MP: 5/5
  1190 | D:2      | Reached skill level 5 in Stealth
  1190 | D:2      | Reached XP level 3. HP: 16/19 MP: 1/6
  1241 | D:1      | Learned a level 2 spell: Ensorcelled Hibernation
  2491 | D:3      | Found a faded altar of an unknown god.
  2882 | D:3      | Reached XP level 4. HP: 24/24 MP: 7/7
  3325 | D:3      | Noticed a centaur
  3329 | D:3      | Killed a centaur
  3330 | D:3      | Reached skill level 6 in Stealth
  3330 | D:3      | Reached XP level 5. HP: 28/28 MP: 8/8
  4800 | D:4      | Reached XP level 6. HP: 28/32 MP: 9/9
  5469 | D:4      | Learned a level 3 spell: Confusing Touch
  5552 | D:5      | Entered Level 5 of the Dungeon
  5763 | D:5      | Found Dobre's Lightly-Used Armoury.
  5904 | D:5      | Reached XP level 7. HP: 17/36 MP: 8/12
  6713 | D:5      | Found a staircase to the Ecumenical Temple.
  6721 | Temple   | Entered the Ecumenical Temple
  6990 | Temple   | Became a worshipper of Dithmenos the Shadowed
  7071 | D:5      | Reached skill level 5 in Hexes
  7305 | D:5      | Learned a level 3 spell: Tukima's Dance
  7308 | D:6      | Found Osaqirch's General Store.
  7498 | D:6      | Noticed a water moccasin
  7540 | D:6      | Reached skill level 5 in Short Blades
  7972 | D:6      | Reached skill level 7 in Stealth
  8140 | D:6      | Noticed Pikel
  8371 | D:6      | Reached skill level 1 in Fighting
  8371 | D:6      | Reached XP level 8. HP: 38/43 MP: 10/13
  8592 | D:6      | Killed Pikel
  8593 | D:6      | Reached skill level 8 in Stealth
  8593 | D:6      | Reached skill level 1 in Ice Magic
  8752 | D:6      | Reached XP level 9. HP: 49/49 MP: 10/15
  8818 | D:6      | Found Muith's Armour Emporium.
  9069 | D:6      | Reached skill level 9 in Stealth
  9755 | D:7      | Noticed a two-headed ogre
  9790 | D:7      | Noticed Duvessa
  9791 | D:7      | Noticed Dowan
  9795 | D:7      | Killed Duvessa
  9802 | D:7      | Killed Dowan
 10164 | D:7      | Reached skill level 10 in Stealth
 11294 | D:7      | Killed a two-headed ogre
 11295 | D:7      | Reached skill level 11 in Stealth
 11295 | D:7      | Reached skill level 5 in Spellcasting
 11295 | D:7      | Reached XP level 10. HP: 48/56 MP: 16/18
 11356 | D:7      | Found a shimmering blue altar of Sif Muna.
 13028 | D:8      | Reached * piety under Dithmenos
 13145 | D:8      | Reached skill level 12 in Stealth
 13509 | D:6      | Bought a +2 robe of willpower for 265 gold pieces
 13609 | D:8      | Found a runed translucent gate.
 13609 | D:8      | Found a runed translucent gate.
 13609 | D:8      | Found a runed translucent gate.
 13611 | D:8      | Noticed a ten-headed hydra
 14080 | D:9      | Noticed Grum
 14092 | D:9      | Reached ** piety under Dithmenos
 14097 | D:9      | Killed Grum
 14374 | D:9      | Found a blossoming altar of Fedhas.
 14551 | D:9      | Reached skill level 13 in Stealth
 14739 | D:9      | Found a broken altar of Ashenzari.
 14764 | D:9      | Reached XP level 11. HP: 51/61 MP: 14/19
 14880 | D:9      | Found a sparkling altar of Nemelex Xobeh.
 14906 | D:10     | Entered Level 10 of the Dungeon
 15244 | D:10     | Reached skill level 10 in Short Blades
 15252 | D:10     | Noticed Snorg
 15254 | D:10     | Killed Snorg
 15255 | D:10     | Reached skill level 14 in Stealth
 15293 | D:10     | Found a staircase to the Lair.
 15642 | D:10     | Noticed a two-headed ogre
 15781 | D:10     | Killed a two-headed ogre
 16063 | Lair:1   | Entered Level 1 of the Lair of Beasts
 16328 | Lair:1   | Reached skill level 15 in Stealth
 16948 | Lair:1   | Reached skill level 5 in Dodging
 16994 | Lair:1   | Reached skill level 5 in Fighting
 17119 | Lair:1   | Noticed an oklob plant
 17119 | Lair:1   | Noticed an oklob plant
 17121 | Lair:1   | Noticed an oklob plant
 17167 | Lair:1   | Learned a level 3 spell: Stone Arrow
 17172 | Lair:1   | Learned a level 4 spell: Leda's Liquefaction
 17288 | Lair:2   | Noticed a five-headed hydra
 17347 | Lair:1   | Reached skill level 1 in Armour
 17347 | Lair:1   | Reached skill level 1 in Conjurations
 17347 | Lair:1   | Reached skill level 1 in Earth Magic
 17591 | Lair:2   | Reached XP level 12. HP: 68/68 MP: 21/21
 18306 | Lair:2   | Reached *** piety under Dithmenos
 18404 | Lair:2   | Learned a level 3 spell: Dazzling Flash
 18776 | Lair:2   | Killed a five-headed hydra
 19311 | Lair:3   | Noticed Nergalle
 19545 | Lair:3   | Noticed Urug
 19553 | Lair:3   | Noticed a four-headed hydra
 19562 | Lair:3   | Killed a four-headed hydra
 19575 | Lair:3   | Killed Urug
 19693 | Lair:3   | Identified the +0 chain mail "Ydoiwi" {Dex+4}
 19822 | Lair:3   | Killed Nergalle
 20269 | Lair:4   | Found a staircase to the Swamp.
 20291 | Lair:4   | Found a frozen archway.
 20740 | Lair:4   | Reached skill level 1 in Fire Magic
 20757 | Lair:4   | Found a hole to the Spider Nest.
 21577 | Lair:5   | Reached XP level 13. HP: 72/72 MP: 21/23
 21709 | Lair:5   | Noticed Sonja
 21713 | Lair:5   | Killed Sonja
 21714 | Lair:5   | Reached skill level 5 in Earth Magic
 21867 | Lair:5   | Reached skill level 5 in Conjurations
 22106 | Lair:5   | Noticed a seven-headed hydra
 22110 | Lair:5   | Killed a seven-headed hydra
 22907 | Lair:6   | Entered Level 6 of the Lair of Beasts
 23133 | Lair:5   | Reached **** piety under Dithmenos
 23433 | Lair:6   | Reached skill level 5 in Fire Magic
 23575 | Lair:6   | Noticed a five-headed hydra
 23648 | Lair:6   | Learned a level 4 spell: Fulminant Prism
 23837 | Lair:6   | Noticed an eight-headed hydra
 23841 | Lair:6   | Killed an eight-headed hydra
 23842 | Lair:6   | Reached skill level 10 in Hexes
 23922 | Lair:6   | Noticed a five-headed hydra
 24334 | Lair:6   | Noticed a four-headed hydra
 24339 | Lair:6   | Killed a four-headed hydra
 24566 | Lair:6   | Noticed an eight-headed hydra
 24578 | Lair:6   | Slain by an eight-headed hydra

Illustrated notes

Levels and vault maps discovered:
D:1:      dpeg_arrival_water_temple_mockup, layout_loops_ring, bh_walls_and_bars
D:2:      layout_rooms
D:3:      minmay_chambers_of_threes, layout_basic, ebering_ecumenical_altar_mist
D:4:      layout_cave_pools
D:5:      layout_cave_pools, minmay_temple_entry_butterflies, grunt_decor_cap,
          minmay_shop_damaged, grunt_decor_resistance
D:6:      layout_basic, serial_shops, nicolae_shop_statue_plus,
          nicolae_stop_n_shop_2, uniq_pikel
D:7:      layout_gridville, lemuel_coloured_pillars_altar,
          hangedman_decor_points, uniq_duvessa
D:8:      layout_loops_ring, gammafunk_ghost_hydra_chop, special_room
          [special_room_orc], enter_bailey_5
D:9:      layout_basic, mainiacjoe_overflow_catwalk,
          mainiacjoe_overflow_small_starburst, nemelex_spade_bored_becter,
          uniq_grum
D:10:     layout_cave_pools, dpeg_oklobed_lair, uniq_snorg
Temple:   dpeg_five_rooms_temple
Lair:1:   dpeg_oklob_gauntlet, layout_gridlike, minmay_holes
Lair:2:   layout_roguey, serial_rivers, chequers_serial_rivers_micro_a,
          chequers_serial_rivers_micro_a, chequers_serial_rivers_small_3,
          chequers_serial_rivers_small_b, chequers_serial_rivers_marsh,
          chequers_serial_rivers_small_3, minivault_11
Lair:3:   layout_regular_city, infiniplex_staircase_pool_2, uniq_nergalle,
          uniq_urug
Lair:4:   layout_regular_city, swamp_mist, spider_nest_entry_a,
          portal_ice_cave_entry_pillars_1
Lair:5:   layout_regular_city, uniq_sonja
Lair:6:   evil_forest, layout_long_grid, minmay_slime_entry_oklob_enclosed,
          serial_bayou_shore_b, grunt_megastairs_4, minmay_lair_oklob_chamber

Skill      XL: |  1  2  3  4  5  6  7  8  9 10 11 12 13 |
---------------+----------------------------------------+-----
Short Blades   | 2 3 4 5 6 8 9 10 | 10.6
Stealth        | 5 6 7 8 11 13 15 | 15.1
Spellcasting   | 3 4 5 6 7 |  7.3
Hexes          | 4 5 6 7 8 9 10 | 10.3
Fighting       | 1 2 3 4 5 |  5.3
Ice Magic      | 2 4 |  4.0
Dodging        | 3 5 7 |  7.0
Armour         | 1 3 |  3.1
Conjurations   | 1 4 6 |  6.3
Earth Magic    | 1 4 5 |  5.9
Fire Magic     | 1 5 |  5.5

Action                   |  1- 3 |  4- 6 |  7- 9 | 10-12 | 13-15 || total
-------------------------+-------+-------+-------+-------+-------++-------
Melee: Dagger            |    97 |   114 |   142 |   277 |    99 ||   729
 Cast: Corona            |    23 |     6 |     4 |     6 |       ||    39
       Ensorcelled Hiber |       |    24 |    36 |    97 |    74 ||   231
       Confusing Touch   |       |       |    10 |       |     2 ||    12
       Tukima's Dance    |       |       |     3 |     6 |       ||     9
       Stone Arrow       |       |       |       |     2 |     1 ||     3
       Leda's Liquefacti |       |       |       |     1 |       ||     1
       Fulminant Prism   |       |       |       |       |    11 ||    11
       Dazzling Flash    |       |       |       |       |     1 ||     1
Evoke: Wand              |       |       |       |     9 |       ||     9
  Use: Scroll            |       |     9 |     3 |    15 |       ||    27
       Potion            |       |       |     2 |     5 |     1 ||     8
 Stab: Sleeping          |    17 |    26 |    37 |   103 |    46 ||   229
       Distracted        |       |     1 |     1 |     2 |     3 ||     7
       Confused          |       |       |    10 |       |     2 ||    12
Armor: Robe              |    15 |       |     2 |    11 |       ||    28
       Leather armour    |       |    21 |    27 |       |       ||    48
       Troll leather arm |       |       |       |    26 |    13 ||    39
Dodge: Dodged            |    68 |   110 |   107 |   166 |    96 ||   547
